 Seeded DCSS version 0.25-a0-460-g4f2eb97 (webtiles) character file.

Game seed: 6182461587212440505, levelgen mode: deterministic

191 thesequoiad the Bolt Thrower (level 5, 0/63 HPs)
             Began as a Barachi Hunter on Feb 2, 2020.
             Slain by a gnoll shaman
             ... wielding a +0 whip
              (1 damage)
             ... on level 3 of the Dungeon.
             The game lasted 00:14:34 (2940 turns).

thesequoiad the Bolt Thrower (Barachi Hunter)       Turns: 2940, Time: 00:14:34

Health: 0/63       AC: 22    Str: 14    XL:     5   Next: 70%
Magic:  5/5        EV:  2    Int: 12    God:
Gold:   107        SH:  0    Dex: 17    Spells: 4/4 levels left

rFire    . . .     SeeInvis .   b - +0 falchion (elec)
rCold    . . .     Gourm    .   (no shield)
rNeg     + + +     Faith    .   (armour currently unavailable)
rPois    +         Spirit   .   (helmet currently unavailable)
rElec    .         Reflect  .   (cloak currently unavailable)
rCorr    .         Harm     .   (gloves currently unavailable)
MR       .....     NoTele   +   (boots currently unavailable)
Stlth    +++.......             (no amulet)
HPRegen  0.20/turn              (no ring)
MPRegen  0.09/turn              (no ring)

@: agile, tree-form
A: +LOS, swims
a: no special abilities


You were on level 3 of the Dungeon.
You were not hungry.
You were a tree.
You visited 1 branch of the dungeon, and saw 4 of its levels.

You collected 107 gold pieces.

Inventory:

Hand Weapons
 a - a +2 hand crossbow
 b - a +0 falchion of electrocution (weapon)
 q - a +0 short sword
 u - a +2 hand axe of freezing
 v - a +0 trident
Missiles
 d - 41 bolts
 h - 23 sling bullets
 i - 123 stones (quivered)
 o - 38 poisoned darts
Armour
 c - a +0 leather armour
 n - a +0 ring mail of magic resistance (melded)
 s - a cursed +0 cloak (melded)
 t - a +0 pair of gloves (melded)
 z - a +2 pair of gloves
Scrolls
 l - a scroll of immolation {unknown}
 m - 3 scrolls of teleportation
 p - a scroll of fog {unknown}
 r - a scroll of magic mapping {unknown}
 w - 2 scrolls of amnesia {unknown}
 x - a scroll of enchant weapon
 y - 2 scrolls of blinking {unknown}
Potions
 j - a potion of flight
Comestibles
 f - 7 rations


   Skills:
 + Level 4.1 Fighting
 * Level 5.1 Crossbows
 + Level 1.7 Armour
 + Level 3.5 Dodging
 - Level 1.2 Stealth


You had 4 spell levels left.
You didn't know any spells.
Your spell library was empty.

Dungeon Overview and Level Annotations

Branches:
Dungeon (4/15)
 Temple: D:4-7

Altars:
Ashenzari
Fedhas
Makhleb
Qazlal
Zin

Annotations:
D:3 exclusion: 4 doors


Innate Abilities, Weirdness & Mutations

You can be seen from farther away. (+LOS)
You can swim through water.
((You cover ground slowly.))
((You can hop short distances.))


Message History

You are too injured to fight recklessly!
You are too injured to fight recklessly!
You are too injured to fight recklessly!
You are too injured to fight recklessly!
You hit the gnoll.
The gnoll is heavily wounded.
The gnoll hits you but does no damage.
A gnoll opens the large door.
The gnoll hits you but does no damage. The gnoll barely misses you.
The gnoll hits you but does no damage. x8; The gnoll barely misses you.
The gnoll hits you from afar with a +0 spear.
* * * LOW HITPOINT WARNING * * *
The gnoll hits you but does no damage.
As you read the scroll labeled AWKUGO SIST, it crumbles to dust.
It is a scroll of identify.
z - a +2 pair of gloves The gnoll hits you but does no damage. x2; The gnoll completely misses you.
The gnoll hits you but does no damage. x4; The gnoll hits you.
* * * LOW HITPOINT WARNING * * *
The gnoll shaman hits you with a +0 whip.
You die...

...........................#ggg#≈
###########++++#############...#≈
#. #+###≈ +.. #.≈≈ #... #.≈≈
####'g######### #.≈≈
......g.......+ #.≈≈
...=ggggg)g...+ #.≈≈
....gggg♣gg...# #.≈≈
....gOgggg....# #.≈≈
####'g######### #.≈≈ +. #+###≈
############################...#≈
......................÷÷÷..#gg.#≈
≈≈≈≈≈≈≈≈≈≈≈÷≈≈≈≈≈≈≈≈≈≈≈÷≈≈≈#####≈
≈≈≈≈≈≈≈≈≈≈≈≈≈≈≈≈≈≈≈≈≈≈≈≈≈≈≈≈≈≈≈≈≈
≈≈≈≈≈≈≈≈≈≈≈≈≈≈≈≈≈≈≈≈≈≈≈≈≈≈≈≈≈≈≈≈≈


You could see an ogre, a gnoll shaman and 19 gnolls.

Vanquished Creatures
  Terence (D:2)
  3 adders
  7 gnolls
  An ooze (D:2)
  2 dart slugs
  A leopard gecko (D:1)
  7 orcs
  A giant cockroach (D:3)
  4 goblins
  4 hobgoblins
  14 jackals (D:3)
  3 bats
  2 frilled lizards (D:1)
  5 kobolds
  4 rats
59 creatures vanquished.

Notes
Turn   | Place    | Note
-------+----------+-------------------------------------------
     0 | D:1      | thesequoiad the Barachi Hunter began the quest for the Orb.
     0 | D:1      | Reached XP level 1. HP: 17/17 MP: 1/1
    12 | D:1      | Reached skill level 1 in Stealth
    74 | D:1      | Reached XP level 2. HP: 23/23 MP: 2/2
   877 | D:2      | Reached XP level 3. HP: 23/29 MP: 3/3
  1357 | D:2      | Noticed Terence
  1359 | D:2      | Killed Terence
  1359 | D:2      | Reached XP level 4. HP: 35/35 MP: 4/4
  1729 | D:2      | Reached skill level 1 in Armour
  1781 | D:2      | Found a stormy altar of Qazlal.
  1793 | D:2      | Found a shattered altar of Ashenzari.
  1865 | D:2      | Found a glowing silver altar of Zin.
  1873 | D:2      | Found a blossoming altar of Fedhas.
  1878 | D:2      | Found a burning altar of Makhleb.
  2028 | D:3      | Reached XP level 5. HP: 42/42 MP: 5/5
  2264 | D:3      | Reached skill level 5 in Crossbows
  2526 | D:3      | You fall into a shaft and drop 1 floor!
  2933 | D:3      | Noticed an ogre
  2939 | D:3      | HP: 3/63 [gnoll/+0 spear (2)]
  2940 | D:3      | HP: 1/63 [gnoll (2)]
  2940 | D:3      | Slain by a gnoll shaman

Levels and vault maps discovered:
D:1:      psy_arrival_whirlpool, layout_basic
D:2:      layout_basic, minmay_overflow_temple_star_hex, uniq_terence
D:3:      lemuel_castle_with_subvaults [lemuel_castle_interior_original],
          layout_basic
D:4:      layout_basic, dancing_weapons_uskayaw, minmay_temple_entry_hall,
          uniq_robin

Skill      XL: |  1  2  3  4  5 |
---------------+----------------+-----
Stealth        | 1 |  1.2
Fighting       | 3 4 |  4.1
Dodging        | 3 |  3.5
Armour         | 1 |  1.7
Crossbows      | 5 |  5.1

Action                   |  1- 3 |  4- 6 || total
-------------------------+-------+-------++-------
Melee: Falchion          |       |    10 ||    10
 Fire: Hand crossbow     |    43 |    93 ||   136
 Abil: Hop               |     1 |       ||     1
  Use: Potion            |     3 |     2 ||     5
       Scroll            |     1 |     3 ||     4
  Eat: Chunk             |     1 |     6 ||     7
Armor: Ring mail         |     1 |    34 ||    35
       Skin              |       |    25 ||    25
Dodge: Dodged            |    18 |    89 ||   107
       Rpst.: Falchion   |       |     2 ||     2

Table legend:
 A = Non-vault XP
 B = Vault XP
 C = Vault XP percentage of total XP
 D = Non-vault monster count
 E = Vault monster count
 F = Vault count percentage of total count
                 A         B        C        D         E       F
            +---------+---------+-------+---------+---------+-------
      Total |     168 |     106 |  38.7 |      41 |      18 |  30.5
            +---------+---------+-------+---------+---------+-------
        D:1 |      21 |       0 |   0.0 |      12 |       0 |   0.0
        D:2 |     106 |      36 |  25.4 |      17 |       1 |   5.6
        D:3 |      38 |      70 |  64.8 |      11 |      17 |  60.7
        D:4 |       3 |       0 |   0.0 |       1 |       0 |   0.0
            +---------+---------+-------+---------+---------+-------
